 Dungeon Sprint DCSS version bcrawl-1.19.2-6-g6a88ae04c9 (webtiles) character file.

Game seed: 588196737607674569

63 Freyura the Twirler (level 3, -4/30 HPs)
             Began as a Demonspawn Gladiator on Jan 4, 2020.
             Was an Initiate of Ru.
             Splashed by a jelly's acid (8 damage)
             ... in the Dungeon (Sprint IX: "|||||||||||||||||||||||||||||").
             The game lasted 00:03:49 (334 turns).

Freyura the Twirler (Demonspawn Gladiator)           Turns: 334, Time: 00:03:49

Health: -4/30      AC:  0    Str: 14    XL:     3   Next: 89%
Magic:  0/3        EV: 11    Int:  9    God:    Ru [......]
Gold:   0          SH:  0    Dex: 18    Spells: 2/2 levels left

rFire    . . .     SeeInvis +   p - +2 morningstar of Bodily Humours {vamp, *Corrode rElec Dex+3 SInv}
rCold    . . .     Gourm    .   (no shield)
rNeg     . . .     Faith    .   t - +1 scale mail
rPois    .         Spirit   +   (helmet restricted)
rElec    +         Reflect  .   (no cloak)
rCorr    .         Harm     .   s - +0 pair of gloves
MR       .....     NoTele   +   (no boots)
Stlth    ..........             (no amulet)
HPRegen  0.10/turn              (no ring)
MPRegen  0.08/turn              (no ring)

@: corroded
A: antennae 1, magic shield
a: Renounce Religion


You were in the Dungeon.
You worshipped Ru.
Ru was noncommittal.
You were not hungry.

You visited 1 branch

Inventory:

Hand Weapons
 a - a +0 quarterstaff
 p - the +2 morningstar of Bodily Humours (weapon) {vamp, *Corrode rElec Dex+3 SInv}
   (You found it in the Dungeon)

   It inflicts no extra harm, but heals its wielder when it wounds a living foe.
   It affects your dexterity (+3).
   It insulates you from electricity.
   It lets you see invisible.
   It may corrode you when you take damage.
 q - a +4 quarterstaff of speed
Missiles
 d - 3 throwing nets (quivered) {!f}
Armour
 b - a +0 leather armour
 c - a +0 helmet
 r - a +0 helmet
 s - a +0 pair of gloves (worn)
 t - a +1 scale mail (worn)
Jewellery
 u - a +3 ring of dexterity
 v - a +3 ring of intelligence
Wands
 o - a wand of iceblast (10)
Scrolls
 k - 2 scrolls of blinking
 m - 3 scrolls of remove curse
 n - 2 scrolls of amnesia
Potions
 e - 5 potions of curing
 g - 3 potions of heal wounds
 h - a potion of haste
 i - 4 potions of magic
 j - a potion of berserk rage
 l - a potion of invisibility


   Skills:
 + Level 3.9 Fighting
 * Level 0.0(3.1) Maces & Flails
 - Level 5.1 Staves
 - Level 1.7 Throwing
 + Level 2.8 Armour
 + Level 4.1 Dodging


You had 2 spell levels left.
You didn't know any spells.
Your spell library was empty.

Dungeon Overview and Level Annotations

Branches:
Dungeon (1/1)

Altars:
Cheibriados
Dithmenos
Elyvilon
Fedhas
Gozag
Hepliaklqana
Kikubaaqudgha
Lugonu
Makhleb
Nemelex Xobeh
Okawaru
Qazlal
Ru
Sif Muna
Trog
Uskayaw
Vehumet
Wu Jian
Xom
Yredelemnul
Zin
The Shining One
Beogh
Jiyva


Innate Abilities, Weirdness & Mutations

You have a pair of small antennae on your head.
When hurt, damage is shared between your health and your magic reserves.


Message History

You completely miss the jelly.
The jelly is lightly wounded.
The jelly closely misses you.
You hit the jelly.
Your hands burn!
The jelly is heavily wounded.
The jelly closely misses you.
The bullfrog releases a deep croak.
The jelly hits you.
You are splashed with acid!
* * * LOW HITPOINT WARNING * * *
You barely miss the jelly.
The jelly is heavily wounded.
The bullfrog releases a deep croak.
The jelly closely misses you.
You hit the jelly. The acid corrodes you!
Your hands burn!
* * * LOW HITPOINT WARNING * * *
The jelly is severely wounded.
The jelly hits you.
* * * LOW HITPOINT WARNING * * *
You are splashed with acid!
You die...

▓.▓
▓Z▓
▓Y▓
▓W▓
▓O▓
▓F▓
▓J▓
▓@▓
▓.▓
▓.▓
▓.▓
▓.▓
▓)▓
▓|▓
▓.▓
▓.▓


You could see a yak, a wraith, an ogre, a bullfrog, a jelly and a leopard gecko
skeleton.

Vanquished Creatures
  A scorpion (D)
  An ooze (D)
  A leopard gecko (D)
  2 bats (D)
  A hobgoblin (D)
  A quokka (D)
  A ball python zombie (D)
  A giant cockroach zombie (D)
  A rat (D)
10 creatures vanquished.

Notes
Turn   | Place    | Note
-------+----------+-------------------------------------------
     0 | D        | Freyura the Demonspawn Gladiator began the quest for the
                  | Orb.
     0 | D        | Reached XP level 1. HP: 16/16 MP: 1/1
     5 | D        | Reached skill level 3 in Staves
     9 | D        | Reached skill level 1 in Armour
    44 | D        | Noticed a scorpion
    48 | D        | Gained mutation: You have a pair of small antennae on your
                  | head. [demonic ancestry]
    48 | D        | Reached XP level 2. HP: 16/23 MP: 2/2
    58 | D        | Killed a scorpion
    58 | D        | Reached skill level 5 in Staves
    58 | D        | Gained mutation: When hurt, damage is shared between your
                  | health and your magic reserves. [demonic ancestry]
    58 | D        | Reached XP level 3. HP: 11/30 MP: 3/3
   261 | D        | Found a roughly hewn altar of Beogh.
   261 | D        | Found a snail-covered altar of Cheibriados.
   261 | D        | Found a shadowy altar of Dithmenos.
   261 | D        | Found a white marble altar of Elyvilon.
   261 | D        | Found a blossoming altar of Fedhas.
   261 | D        | Found an opulent altar of Gozag.
   262 | D        | Found a hazy altar of Hepliaklqana.
   263 | D        | Found a viscous altar of Jiyva.
   264 | D        | Found an ancient bone altar of Kikubaaqudgha.
   265 | D        | Found a corrupted altar of Lugonu.
   266 | D        | Found a burning altar of Makhleb.
   267 | D        | Found a sparkling altar of Nemelex Xobeh.
   268 | D        | Found an iron altar of Okawaru.
   269 | D        | Found a stormy altar of Qazlal.
   270 | D        | Found a sacrificial altar of Ru.
   271 | D        | Found a shimmering blue altar of Sif Muna.
   272 | D        | Found a bloodstained altar of Trog.
   273 | D        | Found a hide-covered altar of Uskayaw.
   274 | D        | Found a radiant altar of Vehumet.
   275 | D        | Found an ornate altar of the Wu Jian Council.
   276 | D        | Found a shimmering altar of Xom.
   277 | D        | Found a basalt altar of Yredelemnul.
   278 | D        | Became a worshipper of Ru the Awakened
   279 | D        | Found a glowing silver altar of Zin.
   280 | D        | Found a glowing golden altar of the Shining One.
   297 | D        | Got the +2 morningstar of Bodily Humours {vamp, *Corrode
                  | rElec Dex+3 SInv}
   328 | D        | Noticed a yak
   328 | D        | Noticed a wraith
   328 | D        | Noticed an ogre
   328 | D        | Noticed a bullfrog
   334 | D        | Splashed by a jelly's acid

Skill      XL: |  1  2 |
---------------+-------+-----
Staves         | 3 5 |  5.1
Dodging        | 3 4 |  4.1
Armour         | 1 2 |  2.8
Fighting       | 3 |  3.9
Throwing       | |  1.7

Action                   || total
-------------------------++-------
Melee: Quarterstaff      ||    35
       Morningstar       ||     6
  Eat: Ration            ||     1
Armor: Leather armour    ||     5
       Scale mail        ||     2
Dodge: Dodged            ||    25
